[Event "Titled Tuesday Blitz March 14 Late 2023"]
[White "Hansen, Eric"]
[Black "Manelyuk, Daniil"]
[WhiteFideId "2606771"]
[BlackFideId "44173920"]
[WhiteElo "2569"]
[BlackElo "2259"]
[Result "1-0"]
[Round "07"]
[TimeControl "180+2"]
[Date "2023.03.14"]
[WhiteClock "0:00:13"]
[BlackClock "0:00:02"]

1. Nf3 c5 2. g3 Nc6 3. Bg2 g6 4. O-O Bg7 5. e4 e5 6. c3 Nge7 7. a3 O-O 8. b4 d6 9. d3 a6 10. Nbd2 b6 11. Bb2 Be6 12. Qe2 Qd7 13. Ng5 f6 14. Nxe6 Qxe6 15. Nf3 Qb3 16. Rfb1 Qa4 17. Bh3 f5 18. Ng5 Nd8 19. Bc1 h6 20. Nf3 f4 21. d4 exd4 22. cxd4 cxd4 23. Bxf4 Nf7 24. Be6 Kh7 25. Ra2 g5 26. Bxf7 Rxf7 27. Bxg5 Raf8 28. Bxe7 Rxe7 29. Nh4 Qb5 30. Qxb5 axb5 31. f3 Rc7 32. Nf5 Rc3 33. Kg2 Ra8 34. Nxd6 Raxa3 35. Rxa3 Rxa3 36. Nxb5 Ra2+ 37. Kh3 d3 38. Rd1 d2 39. f4 Bf8 40. Nc3 Rc2 41. Nd5 Kg7 42. Kg4 Kf7 43. Kf3 Bg7 44. Ke2 Rc4 45. Kd3 Rd4+ 46. Ke3 1-0


[Site "https://www.chess.com"]

[Event "Titled Tuesday Blitz March 14 Late 2023"]
[White "Pham, Khoi"]
[Black "Sattarov, Bobir"]
[WhiteFideId "1054988"]
[BlackFideId "14203081"]
[WhiteElo "2572"]
[BlackElo "2351"]
[Result "1-0"]
[Round "07"]
[TimeControl "180+2"]
[Date "2023.03.14"]
[WhiteClock "0:00:36"]
[BlackClock "0:00:08"]

1. e4 e5 2. Bc4 Bc5 3. d3 Nc6 4. Nc3 Na5 5. Bb3 Nf6 6. f4 d6 7. Nf3 O-O 8. f5 Nxb3 9. axb3 d5 10. Qe2 dxe4 11. dxe4 h6 12. Bd2 Qe7 13. O-O-O c6 14. g4 Nxg4 15. Rhg1 Bxg1 16. Rxg1 Nf6 17. Bxh6 Ne8 18. Qg2 f6 19. Nh4 b5 20. Ng6 Qc5 21. b4 Qd4 22. Nxf8 Kxf8 23. Bxg7+ Ke7 24. Bh6 Bd7 25. Rd1 Qxb4 26. Qg8 Nd6 27. Qxa8 1-0


[Site "https://www.chess.com"]

[Event "Titled Tuesday Blitz March 14 Late 2023"]
[White "Ozates, Tuna"]
[Black "Paravyan, David"]
[WhiteFideId "6354521"]
[BlackFideId "4194985"]
[WhiteElo "2151"]
[BlackElo "2577"]
[Result "0-1"]
[Round "07"]
[TimeControl "180+2"]
[Date "2023.03.14"]
[WhiteClock "0:00:01"]
[BlackClock "0:00:03"]

1. e4 e5 2. Nf3 Nf6 3. Nxe5 d6 4. Nf3 Nxe4 5. d4 d5 6. Bd3 Bd6 7. Nbd2 Bf5 8. O-O O-O 9. Re1 Re8 10. h3 Nc6 11. Bb5 Qf6 12. Nf1 Bxh3 13. Ne3 Be6 14. c4 Bb4 15. cxd5 Bxe1 16. Qxe1 Bd7 17. dxc6 Bxc6 18. Bxc6 Qxc6 19. d5 Qf6 20. Qb4 c6 21. Qxb7 Rac8 22. Qxa7 h5 23. Qd4 Qg6 24. Ne5 c5 25. Qd1 Rxe5 26. b3 h4 27. Bb2 Rg5 28. Qf3 Re8 29. Rd1 h3 30. g4 h2+ 31. Kxh2 Qh6+ 32. Kg2 f5 33. Nxf5 Qg6 34. Ne3 Rf8 35. Qh3 Rxf2+ 36. Kg1 Rf8 37. d6 Nxd6 38. Rf1 Rxf1+ 39. Qxf1 Rxg4+ 40. Nxg4 Qxg4+ 41. Qg2 Qd1+ 42. Kh2 Nf5 43. Qf2 Qh5+ 44. Kg1 Qg4+ 45. Qg2 Qd1+ 46. Kh2 Qd6+ 47. Kg1 Qd1+ 48. Kh2 Qh5+ 49. Kg1 Qe8 50. a4 Qe1+ 51. Kh2 Qh4+ 52. Kg1 Qd8 53. a5 Qd1+ 54. Kh2 Qxb3 55. a6 Qf7 56. a7 Qxa7 57. Qd5+ Qf7 58. Qxc5 Qh5+ 59. Kg1 Qd1+ 60. Kh2 Qe2+ 61. Kg1 Qg4+ 62. Kh2 Qg3+ 63. Kh1 Qe1+ 64. Kh2 Qh4+ 65. Kg1 Qg5+ 66. Kh2 Qf4+ 67. Kg1 Qg3+ 68. Kh1 Qe1+ 69. Kh2 Qd2+ 70. Kg1 Qxb2 71. Qxf5 Qc1+ 72. Kg2 Qd2+ 73. Kg1 Qe3+ 74. Kg2 Qd2+ 75. Kg1 Qd6 76. Qf3 Kh7 77. Kh1 Qh6+ 78. Kg1 Qg5+ 79. Kh1 Kh6 80. Qa8 Qh4+ 81. Kg1 Qg3+ 82. Kh1 Qh3+ 83. Kg1 Qg4+ 84. Kh1 Kg5 85. Qd5+ Qf5 86. Qg2+ Kh6 87. Qc6+ g6 88. Qa8 Kh5 89. Qh8+ Kg4 90. Qd4+ Qf4 91. Qd7+ Kh4 92. Qh7+ Kg5 93. Qe7+ Kh5 94. Qh7+ Kg5 95. Qe7+ Kg4 96. Qe6+ Qf5 97. Qc4+ Kg3 98. Qc7+ Qf4 99. Qg7 Qf3+ 0-1


[Site "https://www.chess.com"]

[Event "Titled Tuesday Blitz March 14 Late 2023"]
[White "Pranav, V"]
[Black "Priasmoro, Novendra"]
[WhiteFideId "25060783"]
[BlackFideId "7105029"]
[WhiteElo "2500"]
[BlackElo "2412"]
[Result "1-0"]
[Round "07"]
[TimeControl "180+2"]
[Date "2023.03.14"]
[WhiteClock "0:02:07"]
[BlackClock "0:00:03"]

1. e4 e5 2. Nf3 Nc6 3. Bb5 a6 4. Ba4 Nf6 5. O-O b5 6. Bb3 Bc5 7. c3 d6 8. d4 Bb6 9. a4 Rb8 10. Qd3 O-O 11. Bg5 h6 12. Bxf6 Qxf6 13. axb5 axb5 14. Qxb5 Bd7 15. Bd5 Bxd4 16. Qa4 Rxb2 17. Bxc6 Bg4 18. Nxd4 exd4 19. Qxd4 Qg5 20. Qe3 1-0


[Site "https://www.chess.com"]

[Event "Titled Tuesday Blitz March 14 Late 2023"]
[White "Martinez Alcantara, Jose Eduardo"]
[Black "Thomforde-Toates, Noah"]
[WhiteFideId "3805662"]
[BlackFideId "30951992"]
[WhiteElo "2712"]
[BlackElo "2629"]
[Result "1-0"]
[Round "07"]
[TimeControl "180+2"]
[Date "2023.03.14"]
[WhiteClock "0:00:09"]
[BlackClock "0:00:08"]

1. e4 c5 2. Nf3 g6 3. c3 Bg7 4. d4 cxd4 5. cxd4 Nf6 6. Nc3 d5 7. e5 Ne4 8. Bd3 Bf5 9. O-O O-O 10. Re1 Nc6 11. Nxe4 dxe4 12. Bxe4 Bxe4 13. Rxe4 Qd5 14. Re1 Rfd8 15. Be3 e6 16. h4 Qb5 17. Qb3 Qxb3 18. axb3 Rd5 19. h5 Rb5 20. Nd2 Rd8 21. h6 Bf8 22. Ne4 Be7 23. Rec1 Rxb3 24. Rxc6 bxc6 25. Rxa7 Re8 26. Nd6 Bxd6 27. exd6 Rb5 28. Bf4 Rd5 29. Be5 c5 30. Bf6 cxd4 31. d7 Rf8 32. Kf1 d3 33. Ke1 e5 34. f3 Rd6 35. Be7 Rd5 36. Kd2 f6 37. b4 Rb8 38. Bxf6 Rxb4 39. d8=Q+ Rxd8 40. Bxd8 Rb2+ 41. Kxd3 Rxg2 42. Rg7+ Kh8 43. Bf6 e4+ 44. Ke3 exf3 45. Rxg6# 1-0


[Site "https://www.chess.com"]

[Event "Titled Tuesday Blitz March 14 Late 2023"]
[White "Filgueira, Hernan"]
[Black "Kozak, Adam"]
[WhiteFideId "101770"]
[BlackFideId "753246"]
[WhiteElo "2363"]
[BlackElo "2469"]
[Result "0-1"]
[Round "07"]
[TimeControl "180+2"]
[Date "2023.03.14"]
[WhiteClock "0:00:06"]
[BlackClock "0:01:51"]

1. c4 c5 2. Nf3 Nc6 3. Nc3 g6 4. e3 Bg7 5. d4 d6 6. d5 Na5 7. Bd3 Bxc3+ 8. bxc3 e5 9. dxe6 Bxe6 10. Nd2 Nf6 11. Qe2 O-O 12. Nb3 Nd7 13. f4 f5 14. O-O Nf6 15. Nd2 Re8 16. Nf3 Qd7 17. a4 h6 18. Bd2 Qf7 19. Be1 Bxc4 20. Bh4 Ne4 21. Qc2 Bxd3 22. Qxd3 Qc4 23. Qc2 Nxc3 24. Kh1 Rxe3 25. Bf6 Ne4 26. Qxc4+ Nxc4 27. Bh4 Re8 28. h3 b6 29. Rfd1 Nc3 30. Rdc1 d5 31. Be1 d4 32. Bxc3 Rxc3 33. Rd1 Rxf3 34. gxf3 Re2 35. a5 Nxa5 36. Rxa5 bxa5 37. Ra1 d3 0-1


[Site "https://www.chess.com"]

[Event "Titled Tuesday Blitz March 14 Late 2023"]
[White "Melikyan, Gnel"]
[Black "Drygalov, Andrey"]
[WhiteFideId "54109990"]
[BlackFideId "24171735"]
[WhiteElo "2138"]
[BlackElo "2471"]
[Result "1-0"]
[Round "07"]
[TimeControl "180+2"]
[Date "2023.03.14"]
[WhiteClock "0:00:10"]
[BlackClock "0:00:03"]

1. e4 c5 2. Nf3 d6 3. d4 cxd4 4. Nxd4 Nf6 5. Nc3 a6 6. Be3 e5 7. Nf3 Be7 8. Bc4 O-O 9. O-O Be6 10. Bb3 Qc7 11. Re1 Rc8 12. Rc1 Nbd7 13. h3 b5 14. a3 Qb7 15. Nd2 Nb6 16. f4 exf4 17. Bxf4 Nc4 18. Bxc4 Bxc4 19. Nxc4 Rxc4 20. Qd3 Rac8 21. Kh1 b4 22. axb4 Qxb4 23. e5 dxe5 24. Bxe5 Qc5 25. Bxf6 Bxf6 26. Ne4 Qc6 27. Nd6 Rd4 28. Nxc8 Qxc8 29. Qxa6 Qd8 30. Qc6 Rd7 31. b4 h5 32. b5 Kh7 33. c4 Rc7 34. Qe4+ g6 35. c5 Qd2 36. Qf3 Be5 37. b6 Rc8 38. c6 Bd6 39. b7 Rf8 40. Rcd1 Qb4 41. Qe4 Qc5 42. Qd5 Qc3 43. Qxd6 Rg8 44. Qe7 Rg7 45. c7 Qg3 46. c8=Q h4 47. Qcf8 Rg8 48. Qfxf7+ Kh8 49. Qh7# 1-0


[Site "https://www.chess.com"]

[Event "Titled Tuesday Blitz March 14 Late 2023"]
[White "Nesterov, Arseniy"]
[Black "Di Berardino, Diego Rafael"]
[WhiteFideId "24198455"]
[BlackFideId "2105446"]
[WhiteElo "2491"]
[BlackElo "2432"]
[Result "1-0"]
[Round "07"]
[TimeControl "180+2"]
[Date "2023.03.14"]
[WhiteClock "0:01:30"]
[BlackClock "0:00:03"]

1. d4 Nf6 2. c4 e6 3. Nf3 c5 4. d5 exd5 5. cxd5 d6 6. Nc3 g6 7. Nd2 Bg7 8. Nc4 O-O 9. Bf4 Ne8 10. e3 a6 11. a4 Nd7 12. Nxd6 Nxd6 13. Bxd6 Re8 14. Bg3 Qb6 15. Qd2 Nf6 16. a5 Qb4 17. Ra4 Ne4 18. Rxb4 Nxd2 19. Rb6 Nxf1 20. Rxf1 Rd8 21. e4 Re8 22. f3 f5 23. Kd2 Bxc3+ 24. Kxc3 fxe4 25. fxe4 Rxe4 26. Re1 Bf5 27. Rxb7 Rxe1 28. Bxe1 Be4 29. Rd7 Bxg2 30. d6 Bc6 31. Rc7 Bb5 32. d7 Rf8 33. Bh4 Rf3+ 34. Kc2 Bxd7 35. Rxd7 Rf4 36. Bg3 1-0


[Site "https://www.chess.com"]

[Event "Titled Tuesday Blitz March 14 Late 2023"]
[White "Yeletsky, Ivan"]
[Black "Koellner, Ruben Gideon"]
[WhiteFideId "24180327"]
[BlackFideId "12993093"]
[WhiteElo "2414"]
[BlackElo "2303"]
[Result "1-0"]
[Round "07"]
[TimeControl "180+2"]
[Date "2023.03.14"]
[WhiteClock "0:00:22"]
[BlackClock "0:00:04"]

1. b4 c6 2. e3 a5 3. b5 Nf6 4. Nf3 d5 5. c4 e6 6. Bb2 Be7 7. Nc3 O-O 8. Rc1 Nbd7 9. Be2 Bd6 10. d4 Ne4 11. O-O f5 12. bxc6 bxc6 13. cxd5 cxd5 14. Nb5 Bb8 15. Ba3 Rf6 16. Qc2 Bb7 17. Nc7 Ra7 18. Bb5 Rh6 19. g3 g5 20. Bxd7 Qxd7 21. Ne5 Qd8 22. Nb5 Ra6 23. f3 Nf6 24. Qc5 Rb6 25. Nc7 Bxc7 26. Qxc7 Qxc7 27. Rxc7 Ba6 28. Rfc1 g4 29. R1c6 Rxc6 30. Rxc6 Be2 31. Rc8+ 1-0


[Site "https://www.chess.com"]

[Event "Titled Tuesday Blitz March 14 Late 2023"]
[White "Albornoz Cabrera, Carlos Daniel"]
[Black "Yelisieiev, Yevhenii"]
[WhiteFideId "3518736"]
[BlackFideId "14139642"]
[WhiteElo "2501"]
[BlackElo "2447"]
[Result "0-1"]
[Round "07"]
[TimeControl "180+2"]
[Date "2023.03.14"]
[WhiteClock "0:00:24"]
[BlackClock "0:00:07"]

1. d4 d6 2. c4 e5 3. Nf3 Nd7 4. e4 Ngf6 5. Nc3 Be7 6. Be2 O-O 7. O-O c6 8. Qc2 Qe8 9. d5 cxd5 10. cxd5 a6 11. a4 Bd8 12. a5 Qe7 13. Nd2 b5 14. axb6 Bxb6 15. Nc4 Bd4 16. Na5 Bxc3 17. bxc3 Nc5 18. f3 Bd7 19. Be3 Rfc8 20. Rfb1 Nh5 21. Nb7 Nxb7 22. Rxb7 a5 23. Bb5 Nf6 24. Bg5 Qe8 25. Bd3 a4 26. Bxf6 gxf6 27. c4 Rcb8 28. Rxb8 Qxb8 29. c5 Qa7 30. Kf1 Qxc5 31. Qxc5 dxc5 32. Ke2 Kf8 33. Kd2 Ke7 34. Kc3 Rb8 35. Bc2 Rb4 36. Rb1 Rxb1 37. Bxb1 Kd6 38. Bc2 Bb5 39. Bd1 Kc7 40. g3 Kb6 41. f4 Ka5 42. Bh5 Be8 43. d6 Kb6 44. d7 Bxd7 45. Bxf7 Bc6 46. Kd3 a3 47. fxe5 fxe5 48. h4 Kb5 49. Kc3 Bxe4 50. g4 Bb1 51. g5 a2 52. Kb2 e4 53. Bh5 e3 54. Be2+ c4 55. h5 Kc5 56. g6 hxg6 57. h6 g5 58. Bf3 c3+ 59. Ka1 c2 60. h7 c1=N 61. h8=Q Nb3+ 62. Kb2 a1=Q+ 63. Kxb3 Qxh8 64. Bg4 Qf6 65. Be2 Qf4 66. Bb5 Qf2 67. Be2 Qxe2 68. Kc3 Qf2 69. Kb3 e2 70. Ka3 Bh7 71. Kb3 Qe3+ 72. Kb2 Qd2+ 73. Ka1 e1=Q# 0-1


[Site "https://www.chess.com"]

[Event "Titled Tuesday Blitz March 14 Late 2023"]
[White "Galchenko, Matvey"]
[Black "Ismagilov, Damir"]
[WhiteFideId "24175480"]
[BlackFideId "34199982"]
[WhiteElo "2404"]
[BlackElo "2078"]
[Result "1-0"]
[Round "07"]
[TimeControl "180+2"]
[Date "2023.03.14"]
[WhiteClock "0:00:37"]
[BlackClock "0:00:10"]

1. f4 d5 2. Nf3 g6 3. g3 Bg7 4. Bg2 Nf6 5. O-O O-O 6. d3 c5 7. Nc3 d4 8. Na4 Qc7 9. c4 Nbd7 10. a3 a5 11. Rb1 Ng4 12. b4 axb4 13. axb4 Ne3 14. Bxe3 dxe3 15. Nxc5 Nxc5 16. bxc5 Qxc5 17. Rb5 Qc7 18. Qb3 Ra7 19. Rb1 Rd8 20. Ne5 Bxe5 21. Rxe5 Rd6 22. c5 Rda6 23. d4 e6 24. Rxe3 Ra1 25. Rxa1 Rxa1+ 26. Kf2 Qa5 27. Rc3 Ra2 28. Bf3 h5 29. Rc2 Ra3 30. Qc4 Bd7 31. Rb2 Ra1 32. Qb4 Qa6 33. Bxb7 Qa7 34. c6 Be8 35. c7 Rc1 36. c8=Q Qa1 37. Qxe8+ Kg7 38. Qbf8+ 1-0


[Site "https://www.chess.com"]

[Event "Titled Tuesday Blitz March 14 Late 2023"]
[White "Christiansen, Johan-Sebastian"]
[Black "Gubajdullin, Alexei"]
[WhiteFideId "1512668"]
[BlackFideId "4141202"]
[WhiteElo "2517"]
[BlackElo "2267"]
[Result "1-0"]
[Round "07"]
[TimeControl "180+2"]
[Date "2023.03.14"]
[WhiteClock "0:00:09"]
[BlackClock "0:00:01"]

1. e4 g6 2. d4 Bg7 3. Nc3 c6 4. Nf3 d6 5. h3 Nf6 6. Bg5 O-O 7. Qd2 Nbd7 8. Bd3 e5 9. O-O Re8 10. Rfe1 Qe7 11. Rad1 Nf8 12. Bh4 Qc7 13. d5 c5 14. a4 a6 15. Bf1 b6 16. Nh2 Bd7 17. g4 Reb8 18. f4 exf4 19. Qxf4 Ne8 20. Nf3 b5 21. Rd2 b4 22. Nd1 Bxa4 23. Rf2 f6 24. g5 Nd7 25. gxf6 Nexf6 26. Ng5 Nf8 27. Ne3 Nh5 28. Qf3 Bd4 29. Ng4 Qg7 30. Kh1 h6 31. Nf7 Bxf2 32. Qxf2 g5 33. Ngxh6+ Kh7 34. Bxg5 Qg6 35. Be2 Qxe4+ 36. Bf3 Qg6 37. Be4 Re8 38. Bxg6+ Nxg6 39. Nxd6 Rxe1+ 40. Qxe1 Rf8 41. Nhf5 Bd7 42. Qe2 1-0


[Site "https://www.chess.com"]

[Event "Titled Tuesday Blitz March 14 Late 2023"]
[White "Nazaretyan, Tigran"]
[Black "Preotu, Razvan"]
[WhiteFideId "24162345"]
[BlackFideId "2613280"]
[WhiteElo "2111"]
[BlackElo "2407"]
[Result "1/2-1/2"]
[Round "07"]
[TimeControl "180+2"]
[Date "2023.03.14"]
[WhiteClock "0:00:14"]
[BlackClock "0:00:02"]

1. d4 Nf6 2. c4 g6 3. Nf3 Bg7 4. Nc3 d5 5. Bg5 Ne4 6. Bh4 Nxc3 7. bxc3 dxc4 8. Qa4+ Qd7 9. Qxc4 b6 10. e3 Ba6 11. Qb3 Bxf1 12. Kxf1 Nc6 13. h3 Na5 14. Qc2 c5 15. Kg1 Rc8 16. Qe4 e6 17. Ne5 Qd5 18. Qxd5 exd5 19. Nf3 cxd4 20. cxd4 Kd7 21. Kh2 Rc2 22. Rhb1 f6 23. Ne1 Re2 24. Nd3 g5 25. Bg3 Rc8 26. Rb5 Ke6 27. Nb4 Rb2 28. a4 Bf8 29. Na6 Re2 30. Nc7+ Rxc7 31. Bxc7 Rxf2 32. Kg3 Rc2 33. Bb8 Nc6 34. Bxa7 Nxa7 35. Rxb6+ Bd6+ 36. Kf3 h5 37. g4 Rh2 38. gxh5 Rxh3+ 39. Ke2 Rxh5 40. a5 g4 41. a6 Rh7 42. Rb7 Rxb7 43. axb7 Nc6 44. Ra6 Nb8 45. Rb6 f5 46. Rb1 Nd7 47. Rh1 Nb8 48. Rh6+ Kd7 49. Rh5 Ke6 50. Rh6+ Kd7 51. Rh5 Ke6 52. Rh6+ 1/2-1/2


[Site "https://www.chess.com"]

[Event "Titled Tuesday Blitz March 14 Late 2023"]
[White "Ezat, Mohamed"]
[Black "Larino Nieto, David"]
[WhiteFideId "10600906"]
[BlackFideId "2256444"]
[WhiteElo "2386"]
[BlackElo "2506"]
[Result "0-1"]
[Round "07"]
[TimeControl "180+2"]
[Date "2023.03.14"]
[WhiteClock "0:00:12"]
[BlackClock "0:00:15"]

1. d4 e6 2. c4 b6 3. e4 Bb7 4. Bd3 Ne7 5. Nc3 d6 6. Nf3 Nd7 7. O-O h6 8. a4 a5 9. Re1 g6 10. e5 dxe5 11. Nxe5 Nxe5 12. dxe5 Bg7 13. Qe2 Nf5 14. Be4 Bxe4 15. Nxe4 Bxe5 16. g3 Bg7 17. Bf4 O-O 18. Rad1 Qe7 19. h4 Rfd8 20. Kg2 e5 21. Be3 Nd4 22. Bxd4 exd4 23. Qf3 Re8 24. h5 g5 25. g4 Kh8 26. Ng3 Qd7 27. Nf5 c5 28. b3 Rad8 29. Qd3 Kg8 30. f3 Kf8 31. Re4 Rxe4 32. fxe4 Re8 33. Rf1 Qc6 34. Re1 Be5 35. Qf3 Bf4 36. Qd3 Re5 37. Qf3 Kg8 38. Qd3 Kh7 39. Qf3 Qc7 40. Qd3 Qd7 41. Qf3 d3 42. Rd1 d2 43. Ne3 Bxe3 44. Qxe3 Qxg4+ 45. Qg3 Qxe4+ 46. Kh2 Qe2+ 47. Kh3 Re3 0-1


[Site "https://www.chess.com"]

[Event "Titled Tuesday Blitz March 14 Late 2023"]
[White "Mirimanian, Hayk"]
[Black "Skvortsov, Andrei"]
[WhiteFideId "4700180"]
[BlackFideId "24108600"]
[WhiteElo "2280"]
[BlackElo "2259"]
[Result "1/2-1/2"]
[Round "07"]
[TimeControl "180+2"]
[Date "2023.03.14"]
[WhiteClock "0:00:15"]
[BlackClock "0:00:50"]

1. e4 c5 2. Nf3 d6 3. d4 Nf6 4. Nc3 cxd4 5. Nxd4 g6 6. Be3 Bg7 7. f3 O-O 8. Qd2 d5 9. e5 Ne8 10. f4 f6 11. O-O-O fxe5 12. fxe5 Nc6 13. Nf3 Bg4 14. Nxd5 e6 15. Nf6+ Nxf6 16. Qxd8 Raxd8 17. Rxd8 Rxd8 18. exf6 Bxf6 19. Be2 e5 20. Rf1 Bg7 21. h3 Be6 22. Ng5 Bd5 23. Bf3 Bxf3 24. Rxf3 Rf8 25. Rxf8+ Bxf8 26. Ne4 Kf7 27. Kd2 h6 28. a3 Ke6 29. Kd3 h5 30. g4 hxg4 31. hxg4 Be7 32. Kc4 b6 33. c3 Nb8 34. a4 Bd8 35. Kb5 a6+ 36. Kc4 Bc7 37. b4 Nd7 38. b5 a5 39. Kd3 Bd8 40. c4 Be7 41. Ke2 Bd8 42. Kd2 Be7 43. Kd3 Bd8 44. c5 bxc5 45. Bxc5 Kd5 46. Be3 Bb6 47. Nc3+ Ke6 48. Bxb6 Nxb6 49. Ke4 Nc4 50. Kd3 Nb6 51. Ke4 Kd6 52. Kd3 Kc5 53. Ke4 Kc4 54. Ne2 Nxa4 55. Kxe5 Kxb5 56. Nd4+ Kb6 57. Nb3 Nc5 58. Nxa5 Kxa5 59. Kf6 Kb4 60. Kxg6 Ne4 61. Kf5 Nd6+ 62. Ke6 Ne4 63. Kf5 Nd6+ 64. Ke5 Nf7+ 65. Kf6 Nd6 66. Ke6 Ne4 67. Ke5 Ng5 68. Kf6 Nh3 69. g5 Nxg5 1/2-1/2


[Site "https://www.chess.com"]

[Event "Titled Tuesday Blitz March 14 Late 2023"]
[White "Fernandez Garcia, Gumersindo"]
[Black "Oro, Faustino"]
[WhiteFideId "24516740"]
[BlackFideId "20000197"]
[WhiteElo "2093"]
[BlackElo "1984"]
[Result "0-1"]
[Round "07"]
[TimeControl "180+2"]
[Date "2023.03.14"]
[WhiteClock "0:00:02"]
[BlackClock "0:00:05"]

1. d4 Nf6 2. c4 e6 3. Nf3 d5 4. g3 Be7 5. Bg2 O-O 6. Qc2 Nbd7 7. Nbd2 c5 8. O-O Qb6 9. b3 cxd4 10. cxd5 Nxd5 11. Nc4 Qd8 12. Nxd4 Bf6 13. Bb2 N7b6 14. Rfd1 Bd7 15. e4 Nxc4 16. Qxc4 Rc8 17. Qe2 Nc3 18. Bxc3 Rxc3 19. e5 Be7 20. Bxb7 Qb6 21. Bg2 Bc5 22. Qe4 Rc8 23. Ne2 Bxf2+ 24. Kh1 Re3 25. Qf4 Rxe2 26. Rxd7 Rf8 27. Rf1 Qe3 28. Qxe3 Bxe3 29. Bf3 Rxa2 30. Bh5 g6 31. Bg4 Rf2 32. Rxf2 Bxf2 33. Be2 Bb6 34. Bc4 Rc8 35. Kg2 Rc5 36. Re7 Rxe5 37. Kf3 Kg7 38. Kg2 Kf6 39. Re8 h5 40. h4 Re3 41. Rc8 Bd4 42. Rc7 Rxg3+ 43. Kh2 Be5 44. Rxa7 Rxb3+ 45. Kh1 Rb4 46. Ba6 Rxh4+ 47. Kg2 Ra4 48. Ra8 h4 49. Kh3 Kg5 50. Kg2 Ra2+ 51. Kh1 h3 52. Kg1 h2+ 53. Kh1 Ra1+ 54. Kg2 h1=Q+ 0-1


[Site "https://www.chess.com"]

[Event "Titled Tuesday Blitz March 14 Late 2023"]
[White "Golubev, Mikhail"]
[Black "Cardoso Cardoso, Jose Gabriel"]
[WhiteFideId "14100983"]
[BlackFideId "4430492"]
[WhiteElo "2374"]
[BlackElo "2496"]
[Result "0-1"]
[Round "07"]
[TimeControl "180+2"]
[Date "2023.03.14"]
[WhiteClock "0:00:02"]
[BlackClock "0:02:04"]

1. e4 c5 2. Nf3 e6 3. d4 cxd4 4. Nxd4 Nc6 5. Nc3 a6 6. Be3 Nge7 7. Be2 Nxd4 8. Qxd4 Nc6 9. Qd2 b5 10. O-O Be7 11. Rad1 d6 12. a3 O-O 13. f4 Rb8 14. Qe1 Qc7 15. f5 Ne5 16. Qg3 Kh8 17. Rf2 Qd8 18. Qh3 Bg5 19. Bd4 Nc6 20. Be3 Bxe3 21. Qxe3 Ne5 22. Kh1 Bb7 23. Rdf1 exf5 24. Rxf5 Qe7 25. Nd5 Bxd5 26. exd5 Rbe8 27. Qh3 g6 28. Rf6 Nd7 29. R6f2 Kg7 30. a4 bxa4 31. Bxa6 Nc5 32. Bc4 Qe5 33. Qa3 Ne4 0-1


[Site "https://www.chess.com"]

[Event "Titled Tuesday Blitz March 14 Late 2023"]
[White "Subelj, Jan"]
[Black "Rodchenkov, Sergey D."]
[WhiteFideId "14618583"]
[BlackFideId "4168712"]
[WhiteElo "2474"]
[BlackElo "2277"]
[Result "1/2-1/2"]
[Round "07"]
[TimeControl "180+2"]
[Date "2023.03.14"]
[WhiteClock "0:00:35"]
[BlackClock "0:00:10"]

1. e4 c5 2. Na3 d6 3. Nf3 Nc6 4. c3 Nf6 5. d3 g6 6. Nc2 Bg7 7. Be2 O-O 8. O-O e5 9. Bg5 h6 10. Bxf6 Bxf6 11. Ne3 Bg7 12. Qd2 f5 13. Bd1 Ne7 14. Bb3+ Kh7 15. Qe2 Rb8 16. Rad1 f4 17. Nd5 Nxd5 18. Bxd5 g5 19. h3 g4 20. hxg4 Bxg4 21. Rfe1 Bf6 22. Kf1 h5 23. Qc2 Qd7 24. Ke2 b5 25. Rh1 Kg7 26. Rdg1 b4 27. Kd2 bxc3+ 28. bxc3 Rb6 29. Rb1 Rfb8 30. Nh2 Be6 31. Rxb6 Rxb6 32. Bxe6 Qxe6 33. Rb1 h4 34. Rxb6 axb6 35. Qb3 Qd7 36. Qxb6 h3 37. g4 fxg3 38. fxg3 Be7 39. Qb1 Qe6 40. Ke2 Qg6 41. Qg1 c4 42. Qf2 cxd3+ 43. Kxd3 d5 44. Qf3 Bc5 45. g4 Bg1 46. Nf1 Qa6+ 47. Kc2 Qxa2+ 48. Kd1 Qb1+ 49. Ke2 Qb5+ 50. Qd3 Qxd3+ 51. Kxd3 dxe4+ 52. Kxe4 h2 53. Ng3 Kf6 54. c4 Kg5 55. Kf3 Kh4 56. Kg2 Kxg4 57. Ne4 Kf4 58. Nd6 e4 59. Nxe4 Kxe4 60. c5 Kd5 61. Kh1 Kxc5 62. Kg2 Kd5 63. Kh1 Ke4 64. Kg2 Kf4 65. Kh1 Kg4 66. Kg2 Kf4 67. Kh1 Kg3 1/2-1/2


[Site "https://www.chess.com"]

[Event "Titled Tuesday Blitz March 14 Late 2023"]
[White "Korchmar, Vasiliy"]
[Black "Filgueiras, Nathan Felipe"]
[WhiteFideId "24131750"]
[BlackFideId "2188562"]
[WhiteElo "2370"]
[BlackElo "2241"]
[Result "0-1"]
[Round "07"]
[TimeControl "180+2"]
[Date "2023.03.14"]
[WhiteClock "0:00:04"]
[BlackClock "0:00:53"]

1. e4 c5 2. Nf3 Nc6 3. d4 cxd4 4. Nxd4 e5 5. Nb5 d6 6. c4 Be7 7. Bd3 Be6 8. O-O Nf6 9. h3 O-O 10. Be3 a6 11. N5c3 Rc8 12. Nd5 Nd7 13. Nbc3 Nc5 14. Bc2 Bg5 15. Qd2 Bxe3 16. fxe3 Ne7 17. b4 Nd7 18. Bb3 Nb6 19. Qd3 Nexd5 20. exd5 Bd7 21. Ne4 Ba4 22. Rf2 Bxb3 23. axb3 f5 24. Nc3 g6 25. e4 f4 26. Rc1 Nd7 27. Qf3 Qb6 28. b5 Kg7 29. Kh1 axb5 30. Nxb5 Nf6 31. Ra2 Nh5 32. Kh2 Ng3 33. Raa1 h5 34. b4 g5 35. Qa3 Ra8 36. Qc3 Rxa1 37. Rxa1 g4 38. Qd3 gxh3 39. gxh3 Qf2# 0-1


[Site "https://www.chess.com"]

[Event "Titled Tuesday Blitz March 14 Late 2023"]
[White "Mirzoev, Azer"]
[Black "Rangel, Daniel"]
[WhiteFideId "13400304"]
[BlackFideId "2124475"]
[WhiteElo "2525"]
[BlackElo "2256"]
[Result "1-0"]
[Round "07"]
[TimeControl "180+2"]
[Date "2023.03.14"]
[WhiteClock "0:01:15"]
[BlackClock "0:00:45"]

1. c4 Nf6 2. Nc3 e6 3. g3 d5 4. d4 Be7 5. Bg2 O-O 6. Nf3 a5 7. O-O c6 8. b3 b6 9. Bb2 Ba6 10. Nd2 b5 11. Rc1 b4 12. Na4 Nbd7 13. e4 Nb6 14. Nxb6 Qxb6 15. Re1 Rfd8 16. Qc2 Rac8 17. h4 c5 18. exd5 cxd4 19. dxe6 fxe6 20. Qd3 Bc5 21. Ne4 e5 22. Rc2 Rf8 23. Rce2 Rce8 24. Bc1 Ng4 25. Ng5 Bb7 26. Qxh7# 1-0


[Site "https://www.chess.com"]

[Event "Titled Tuesday Blitz March 14 Late 2023"]
[White "Aldokhin, Ivan"]
[Black "Harish, Neeraj"]
[WhiteFideId "24115720"]
[BlackFideId "30958130"]
[WhiteElo "2322"]
[BlackElo "1963"]
[Result "1-0"]
[Round "07"]
[TimeControl "180+2"]
[Date "2023.03.14"]
[WhiteClock "0:01:12"]
[BlackClock "0:00:49"]

1. e4 c5 2. Nf3 Nc6 3. d4 cxd4 4. Nxd4 e5 5. Nb5 d6 6. N1c3 a6 7. Na3 Be7 8. g3 Nf6 9. Bg2 Bg4 10. Qd3 O-O 11. O-O Nd4 12. Be3 Nf3+ 13. Kh1 d5 14. exd5 Bxa3 15. bxa3 Nd4 16. Bxd4 exd4 17. Qxd4 Rc8 18. d6 Qa5 19. Nd5 Nxd5 20. Qxg4 Nf6 21. Qb4 Qxb4 22. axb4 Rxc2 23. Bxb7 Rd2 24. Bxa6 Rxd6 25. Bc4 Rd4 26. Rfc1 Rb8 27. b5 Kf8 28. a4 Nd5 29. a5 Rc8 30. Bxd5 Rxc1+ 31. Rxc1 Rxd5 32. Rb1 1-0


[Site "https://www.chess.com"]

[Event "Titled Tuesday Blitz March 14 Late 2023"]
[White "Koutlas, Nikolaos"]
[Black "Adewumi, Tanitoluwa"]
[WhiteFideId "25827138"]
[BlackFideId "30966396"]
[WhiteElo "2215"]
[BlackElo "2804"]
[Result "0-1"]
[Round "07"]
[TimeControl "180+2"]
[Date "2023.03.14"]
[WhiteClock "0:00:05"]
[BlackClock "0:00:05"]

1. Nf3 Nf6 2. g3 d5 3. Bg2 Bf5 4. O-O e6 5. c4 c6 6. Nc3 d4 7. Nb1 c5 8. e3 Nc6 9. exd4 cxd4 10. d3 Bd6 11. a3 a5 12. Bg5 O-O 13. Nh4 Bg6 14. Nxg6 hxg6 15. Nd2 Qb6 16. Re1 Rfb8 17. Rb1 a4 18. b4 axb3 19. Rxb3 Qa5 20. Bxf6 gxf6 21. Ne4 Be7 22. Qb1 f5 23. Nd2 Qxd2 24. Bxc6 Rxa3 25. Rd1 Qe2 26. Rb2 Qg4 27. Bxb7 Bd8 28. Rb5 Ba5 29. Kg2 Bc3 30. Bf3 Rxb5 31. Qxb5 Qg5 32. Qe8+ Kg7 33. h4 Qh6 34. h5 g5 35. Qe7 g4 36. Qxa3 gxf3+ 37. Kg1 Qxh5 38. Qa8 Qg4 39. Qc6 f4 40. Kh2 Qh5+ 41. Kg1 Qg4 42. Kh2 fxg3+ 43. fxg3 Qh5+ 44. Kg1 Qg4 45. Kf2 Qg5 46. Qe4 e5 47. Qxf3 f5 48. Qe4 fxe4 49. dxe4 Qe3+ 50. Kg2 Qe2+ 51. Kh3 Qh5+ 0-1


[Site "https://www.chess.com"]